[Event "*** Titled Tuesday Blitz"]
[Site "Chess.com"]
[Date "2020.03.03"]
[Round "1"]
[White "12teen"]
[Black "HajiyevKanan"]
[Result "0-1"]
[WhiteElo "2687"]
[BlackElo "2379"]
[TimeControl "180+1"]
[EndTime "13:07:24 PST"]
[Termination "HajiyevKanan won by resignation"]

1. b3 c6 2. Bb2 d5 3. e4 dxe4 4. d3 exd3 5. Bxd3 Nf6 6. Nf3 Bg4 7. Qe2 e6 8. Nc3 Bb4 9. O-O-O Qa5 10. Ne4 Qxa2 11.
Nxf6+ gxf6 12. Bxf6 Nd7 13. Bxh8 f6 14. Bxf6 Nxf6 15. Qe5 Nd5 16. Qh8+ Ke7 17. Qg7+ Kd8 18. Bc4 Bf5 19. Bd3 Bc3 20. Qxc3 Nxc3 21. Bxf5+ Kc7 22.
Bd3 Rd8 23. Kd2 Ne4+ 24. Ke3 Nc3 25. Ra1 Qb2 26. Kd2 Ne4+ 27. Ke3 Nc3 28. Nd2 Nd5+ 29. Ke2 Qf6 30. Ne4 Nc3+ 31. Nxc3 Qxc3 32. Ra4 e5 33.
Re4 Rd4 34. Re3 e4 35. Bxe4 Rd2+ 36. Kf3 Qf6+ 37. Kg3 Qxf2+ 0-1

[Event "*** Titled Tuesday Blitz"]
[Site "Chess.com"]
[Date "2020.03.03"]
[Round "1"]
[White "Gabix_94"]
[Black "Babas"]
[Result "1-0"]
[WhiteElo "2711"]
[BlackElo "2365"]
[TimeControl "180+1"]
[EndTime "13:07:25 PST"]
[Termination "Gabix_94 won by checkmate"]

1. Nf3 d5 2. c4 c6 3. e3 Nf6 4. b3 a6 5. Bb2 b5 6. Be2 Bf5 7. O-O e6 8. Nc3 Nbd7 9. Nd4 Qb6 10. Nxf5 exf5 11. cxd5 cxd5 12. Bf3 Qe6 13. Ne2 g6 14. Nf4 Qd6 15. Rc1 Ne5 16. Bxe5 Qxe5 17. Rc6 Bd6 18. d4 Qe7 19. Nxd5 Nxd5 20. Bxd5 O-O 21. Qc2 Rfd8 22. Rxd6 Qxd6 23. Bxa8 Rxa8 24. Rc1 f4 25. Qc6 Qd8 26. exf4 Kg7 27. g3 Ra7 28. d5 Rd7 29. Rd1 Rd6 30. Qc3+ Kg8 31. h4 h5 32. Qe5 Qd7 33. Rd3 Kh7 34. Kg2 a5 35. Qd4 a4 36. bxa4 bxa4 37. Ra3 Rxd5 38. Qxa4 Qb7 39. Qe4 Qd7 40. Ra7 Qxa7 41.
Qxd5 Kg8 42. f5 gxf5 43. Qxf5 Qxa2 44. Qg5+ Kf8 45. Qxh5 Qa8+ 46. Qf3 Qa4 47. h5 Qb4 48. Qf4 Qb1 49. h6 Qb7+ 50. Kh2 Qb1 51. Qg5 Qc2 52.
Qd8# 1-0

[Event "*** Titled Tuesday Blitz"]
[Site "Chess.com"]
[Date "2020.03.03"]
[Round "1"]
[White "PawnEatingZombie"]
[Black "dusanacns"]
[Result "0-1"]
[WhiteElo "2218"]
[BlackElo "2611"]
[TimeControl "180+1"]
[EndTime "13:07:25 PST"]
[Termination "dusanacns won on time"]

1. d4 Nf6 2. c4 g6 3. Nc3 Bg7 4. e4 d6 5. Be2 O-O 6. Be3 Na6 7. Nf3 Ng4 8. Bg5 f6 9. Bc1 e5 10. O-O Nh6 11. c5 exd4 12. Bxa6 dxc3 13. Bc4+ Kh8 14. cxd6 cxd6 15. bxc3 Qc7 16. Bd5 Nf7 17. Be3 Ne5 18. Nd4 a6 19. Qe2 Rb8 20. Rab1 Bd7 21. c4 Rfe8 22. Rfc1 Ng4 23. Bf4 f5 24. Nf3 Nf6 25. Ng5 h6 26. Bxd6 Qa5 27. Nf7+ Kh7 28.
e5 Nxd5 29. cxd5 Qxd5 30. Bxb8 Qxf7 31. Bd6 Qe6 32. Rc7 Bc6 33. Qd3 Kh8 34. Qd2 Kg8 35.
f3 g5 36. Rxc6 bxc6 37. Rb7 Qc8 0-1

[Event "*** Titled Tuesday Blitz"]
[Site "Chess.com"]
[Date "2020.03.03"]
[Round "1"]
[White "GMWSO"]
[Black "Kislov_Oleg"]
[Result "1-0"]
[WhiteElo "3115"]
[BlackElo "2531"]
[TimeControl "180+1"]
[EndTime "13:07:31 PST"]
[Termination "GMWSO won by resignation"]

1. e4 e6 2. d4 d5 3. Nc3 Nf6 4. e5 Nfd7 5. f4 c5 6. Nf3 Nc6 7. Be3 cxd4 8. Nxd4 Bc5 9. Qd2 Nxd4 10. Bxd4 Bxd4 11. Qxd4 Qb6 12. Qxb6 Nxb6 13. a4 Bd7 14. a5 Nc4 15. Bxc4 dxc4 16. O-O-O Bc6 17. Rd4 b5 18. Rd6 Rc8 19. Rhd1 Ke7 20. Na2 Rhd8 21.
g3 Bd5 22. Rxd8 Rxd8 23. Nb4 Bb7 24. Rxd8 Kxd8 25. Kd2 Kc7 26. Kc3 a6 27. Kd4 Bc8 28. Kc5 Bb7 29. g4 h6 30. h4 Bc8 31. h5 Bb7 32. g5 Bf3 33. gxh6 gxh6 34. Nxa6+ Kb7 35. Kxb5 Bxh5 36. Nc5+ Ka7 37. Kxc4 Bd1 38. b4 h5 39. b5 Be2+ 40. Kb4 h4 41. Ne4 h3 42. Nf2 h2 43.
c4 Bf3 44. c5 h1=Q 45. Nxh1 Bxh1 46. c6 Bd5 47. Kc5 Be4 48. Kd6 Bd5 49. c7 Kb7 50. a6+ Kc8 51. b6 Ba8 52. b7+ Bxb7 53. axb7+ Kxb7 54. Kd7 1-0

[Event "*** Titled Tuesday Blitz"]
[Site "Chess.com"]
[Date "2020.03.03"]
[Round "1"]
[White "cherryandmint"]
[Black "AnkitGajwa"]
[Result "1-0"]
[WhiteElo "2872"]
[BlackElo "2474"]
[TimeControl "180+1"]
[EndTime "13:07:32 PST"]
[Termination "cherryandmint won by resignation"]

1. e4 e5 2. Nf3 Nc6 3. Bb5 a6 4. Ba4 Nf6 5. O-O Be7 6. Re1 b5 7. Bb3 O-O 8. h3 d6 9. c3 Bb7 10. d4 Nd7 11. Nbd2 exd4 12. cxd4 Na5 13. Bc2 Bf6 14. e5 dxe5 15. dxe5 Be7 16. Ne4 Nc5 17.
Qe2 Ne6 18. Be3 Nc4 19. Rad1 Qc8 20. Bc1 Rd8 21. b3 Na3 22. Bd3 h6 23. g3 Nd4 24.
Nxd4 Rxd4 25. Bb2 Rd8 26. Qh5 Qe6 27. Nf6+ Bxf6 28. exf6 Qc6 29. Be4 Rxd1 30. Qxd1 Qxe4 31. Rxe4 Bxe4 32. Bxa3 Re8 33. fxg7 Bc6 34. g4 Kxg7 35. Qd4+ Kg8 36. Bb2 Re1+ 37. Kh2 Rh1+ 38. Kg3 f6 39. Qxf6 Rg1+ 40. Kh4 1-0

[Event "*** Titled Tuesday Blitz"]
[Site "Chess.com"]
[Date "2020.03.03"]
[Round "1"]
[White "Fuerza777"]
[Black "Ba_clbaf_osed_ingo_3v21"]
[Result "0-1"]
[WhiteElo "2200"]
[BlackElo "2604"]
[TimeControl "180+1"]
[EndTime "13:07:33 PST"]
[Termination "Ba_clbaf_osed_ingo_3v21 won on time"]

1. d4 Nf6 2. c4 g6 3. Nc3 d5 4. cxd5 Nxd5 5. e4 Nxc3 6. bxc3 Bg7 7. Nf3 c5 8. Be3 Qa5 9. Nd2 O-O 10. Be2 Qxc3 11.
Rc1 Qa5 12. Rxc5 Qxa2 13. O-O Na6 14. Rc2 Qa5 15. Nc4 Qd8 16. d5 Bd7 17. Qb1 b6 18. Na5 Nc5 19. Bxc5 bxc5 20. Rxc5 Qb6 21. Qxb6 axb6 22. Rc7 bxa5 23. Rxd7 a4 24. Bc4 Rfc8 25.
Ba2 Rc2 26. Bb1 Rb2 27. Rxe7 a3 28. e5 Rxb1 29. Rxb1 a2 30. Ra1 Rb8 31. Rf1 Ra8 32. Ra1 Kf8 33. Rb7 Bxe5 34. Rxa2 Rxa2 35. g3 Rd2 36.
Rb5 Bd4 37. Rb8+ Kg7 38. Rb7 Rxf2 39. Kh1 Rd2 0-1

[Event "*** Titled Tuesday Blitz"]
[Site "Chess.com"]
[Date "2020.03.03"]
[Round "1"]
[White "DACF2905"]
[Black "Karacsonyi_Gellert"]
[Result "0-1"]
[WhiteElo "2204"]
[BlackElo "2607"]
[TimeControl "180+1"]
[EndTime "13:07:36 PST"]
[Termination "Karacsonyi_Gellert won by checkmate"]

1. c4 Nf6 2. Nc3 e6 3. g3 d5 4. cxd5 exd5 5. Bg2 c6 6. Nf3 Be7 7. O-O O-O 8. d4 Be6 9. h3 Nbd7 10. g4 Rc8 11.
Bf4 Re8 12. e3 Nf8 13. Rc1 Bd6 14. Bxd6 Qxd6 15. Ne5 Ng6 16. f4 Bd7 17. a3 c5 18.
dxc5 Rxc5 19. Nxg6 hxg6 20. Qd4 Rc4 21. Qd3 Qc5 22.
Rfe1 Bc6 23. Kh2 Qb6 24. b4 a6 25. Nxd5 Rxc1 26. Nxf6+ gxf6 27. Rxc1 Bxg2 28. Kxg2 Rxe3 29. Qc4 Rxa3 30. Rc3 Rxc3 31. Qxc3 Kg7 32. Kg3 Qg1+ 33. Kf3 Qf1+ 34. Kg3 Qg1+ 35. Kf3 Qd1+ 36. Kg3 Qd6 37. g5 b6 38. h4 a5 39. bxa5 bxa5 40. Qxa5 Qd3+ 41.
Kg2 Qe2+ 42. Kg3 Qe3+ 43. Kg4 f5+ 44. Qxf5 gxf5+ 45. Kxf5 Qe6# 0-1

[Event "*** Titled Tuesday Blitz"]
[Site "Chess.com"]
[Date "2020.03.03"]
[Round "1"]
[White "Rsnr"]
[Black "ChadBiryani"]
[Result "1-0"]
[WhiteElo "2826"]
[BlackElo "2435"]
[TimeControl "180+1"]
[EndTime "13:07:37 PST"]
[Termination "Rsnr won by resignation"]

1. d4 f5 2. c4 e6 3. Nc3 Nf6 4. Qc2 d6 5. e3 Be7 6. Bd3 O-O 7. Nge2 Qe8 8. O-O a5 9. Bd2 Nc6 10. a3 Nd8 11. b4 Qh5 12. f3 e5 13. Nb5 c6 14.
Nbc3 g6 15. d5 Nf7 16. bxa5 cxd5 17. Nxd5 Nxd5 18. cxd5 e4 19. fxe4 fxe4 20. Bb5 Bf5 21. Ng3 Qg4 22. Be2 Qg5 23. Nxe4 Qh4 24. Rf4 Qh6 25. Qb2 Ne5 26. Raf1 Bxe4 27. Rxe4 Bg5 28. Qb4 Rxf1+ 29. Bxf1 Qf8 30. Qxb7 Rb8 31. Qa6 Rb1 32.
Qe2 Qf5 33. Rb4 Ra1 34. a4 Nd3 35. e4 Qxf1+ 36. Qxf1 Rxf1+ 37. Kxf1 Nxb4 38. Bxb4 Be3 39. Bxd6 Kf7 40. Bc7 Ke7 41. Bb6 Bf4 42. a6 1-0

[Event "*** Titled Tuesday Blitz"]
[Site "Chess.com"]
[Date "2020.03.03"]
[Round "1"]
[White "Perecke"]
[Black "Snegokhod"]
[Result "1-0"]
[WhiteElo "2292"]
[BlackElo "2614"]
[TimeControl "180+1"]
[EndTime "13:07:37 PST"]
[Termination "Perecke won by checkmate"]

1. e4 c5 2. Nf3 e6 3. d4 cxd4 4. Nxd4 a6 5. c4 Qc7 6. Be2 Nf6 7. Nc3 Bb4 8. Qc2 Nc6 9. Be3 Qe5 10. Nxc6 dxc6 11.
f3 Bxc3+ 12. bxc3 c5 13. O-O b6 14. Qa4+ Bd7 15. Qb3 Qc7 16. Rab1 Rb8 17. Qa3 a5 18. Bg5 O-O 19. Bxf6 gxf6 20. f4 Bc6 21. Bd3 Rfd8 22. Rbd1 Rxd3 23. Rxd3 Bxe4 24. Rg3+ Kf8 25. Qc1 Rd8 26.
Qe3 f5 27. Rg5 Rd3 28. Qf2 Qd6 29. Qh4 Rd2 30. Qh6+ Ke7 31. Rg8 Kd7 32. Qxh7 Qe7 33. Qh8 Bb7 34. Qe5 Qh4 35. Qb8 Bxg2 36. Qe8+ Kc7 37.
Qc8+ Kd6 38. Qd8+ Qxd8 39. Rxd8+ Ke7 40. Rxd2 Be4 41. Re1 f6 42. Rb1 e5 43. Rxb6 exf4 44.
Kf2 Kf7 45. Rdd6 Kg6 46. Rxf6+ Kg5 47. Rg6+ Kh4 48. Rh6+ Kg5 49. Rbg6# 1-0

[Event "*** Titled Tuesday Blitz"]
[Site "Chess.com"]
[Date "2020.03.03"]
[Round "1"]
[White "2165149677570"]
[Black "farzadbfd"]
[Result "0-1"]
[WhiteElo "2239"]
[BlackElo "2621"]
[TimeControl "180+1"]
[EndTime "13:07:37 PST"]
[Termination "farzadbfd won on time"]

1. e4 c6 2. d4 d5 3. exd5 cxd5 4.
c4 Nf6 5. Nc3 Nc6 6. Bg5 Be6 7. c5 g6 8. Nf3 Bg7 9. Bb5 O-O 10. O-O Ne4 11. Be3 f5 12. Bxc6 bxc6 13. Bf4 h6 14. Be5 Qa5 15. Qd3 Qb4 16. Rab1 Qb7 17. b4 a6 18. a4 Bxe5 19. Nxe5 Kg7 20. b5 axb5 21. axb5 Ra3 22. Rfc1 cxb5 23. f3 Nxc3 24. Rxc3 Rxc3 25. Qxc3 Ra8 26. c6 Qb6 27.
Kh1 Rc8 28. Qb4 Kf6 29. f4 Rc7 30. h3 g5 31. fxg5+ hxg5 32. Kh2 Ra7 33. h4 g4 34. Qd2 Kg7 35. Qg5+ Kf8 36. Qh6+ Ke8 0-1

[Event "*** Titled Tuesday Blitz"]
[Site "Chess.com"]
[Date "2020.03.03"]
[Round "1"]
[White "chegueps"]
[Black "Indianlad"]
[Result "0-1"]
[WhiteElo "2495"]
[BlackElo "2943"]
[TimeControl "180+1"]
[EndTime "13:07:40 PST"]
[Termination "Indianlad won by resignation"]

1. e4 e5 2. Nf3 Nc6 3. Bb5 a6 4. Ba4 Nf6 5. O-O Bc5 6. d3 d6 7.
c3 b5 8. Bc2 Bg4 9. h3 Bh5 10. a4 b4 11. Nbd2 bxc3 12. bxc3 O-O 13. Nc4 d5 14. Ncd2 d4 15. Bb2 Rb8 16. Nc4 Rxb2 17.
Nxb2 dxc3 18. Nc4 Re8 19. Ne3 Qd7 20. a5 Nd4 21. g4 Nxg4 22. Nxd4 Nf6 23. Nf3 Qxh3 24.
Ng5 Qh4 25. Nf3 Qf4 26. Ng2 Qxf3 27. Qxf3 Bxf3 28. Ba4 Rd8 29. Rab1 g5 30. Rfc1 Bd4 31. Ne1 Bg4 32. Kg2 Nh5 33. f3 Nf4+ 34. Kg3 Be6 35.
Rc2 h5 36. Bc6 h4+ 37. Kh2 Rd6 38. Bb7 Kg7 39. Ba8 f5 40. exf5 Bxf5 41. Be4 Bxe4 42. fxe4 g4 43. Rd1 g3+ 44. Kh1 h3 45. Nf3 Be3 46. Rxc3 c5 47. Rb3 c4 48. Rc3 Rxd3 49. Rcxd3 cxd3 50. Nxe5 g2+ 51. Kh2 g1=Q+ 52. Rxg1+ Bxg1+ 53. Kxg1 d2 54. Kh2 d1=Q 55. Nf3 0-1

[Event "*** Titled Tuesday Blitz"]
[Site "Chess.com"]
[Date "2020.03.03"]
[Round "1"]
[White "LucaBrasi1968"]
[Black "vugarrasulov"]
[Result "0-1"]
[WhiteElo "2476"]
[BlackElo "2883"]
[TimeControl "180+1"]
[EndTime "13:07:44 PST"]
[Termination "vugarrasulov won by resignation"]

1. d4 Nf6 2. Nf3 e6 3. Bg5 b6 4. e3 Bb7 5. Bd3 Be7 6. Nbd2 O-O 7. O-O h6 8. Bh4 c5 9. c3 d6 10. h3 Nc6 11. Bg3 Re8 12. Qe2 Bf8 13. Ba6 Qc8 14.
Bxb7 Qxb7 15. Rfd1 Rac8 16. a4 a6 17. Nc4 Ne4 18. Bh2 b5 19. Ncd2 Nxd2 20. Qxd2 Na5 21. Qc2 b4 22. dxc5 d5 23. cxb4 Qxb4 24. Rd4 Qxc5 25.
Qxc5 Bxc5 26. Rd3 Bb4 27. Be5 f6 28. Bc3 Bxc3 29. bxc3 Kf7 30. Nd2 Rb8 31. e4 Red8 32. exd5 Rxd5 33. Rxd5 exd5 34. Rd1 Rc8 35. Nf3 Rc5 36. Nd4 Rxc3 37. Nf5 Rc5 38. Re1 Nc6 39. g4 d4 40. Rd1 g6 41. Ng3 Re5 42. Kg2 Ke6 43. Kf3 Kd5 44. Ne2 g5 45. Ng3 Re6 46.
Nf5 Kc4 47. Nxh6 d3 48. Nf5 Nd4+ 49. Nxd4 Kxd4 0-1

[Event "*** Titled Tuesday Blitz"]
[Site "Chess.com"]
[Date "2020.03.03"]
[Round "1"]
[White "deBaller"]
[Black "Darhild"]
[Result "0-1"]
[WhiteElo "2353"]
[BlackElo "2703"]
[TimeControl "180+1"]
[EndTime "13:07:46 PST"]
[Termination "Darhild won by resignation"]

1. e4 c5 2. Nf3 d6 3. Bb5+ Nd7 4. Ba4 Nf6 5. O-O e5 6. Re1 Be7 7. c3 O-O 8. d4 a6 9. dxe5 dxe5 10. Bxd7 Nxd7 11. c4 Nb6 12. Qc2 Be6 13. b3 f6 14. h3 Qe8 15. Nc3 Qg6 16. Kh2 Rad8 17. Be3 Rd4 18. Rac1 Bd6 19. Nd5 Bxd5 20. cxd5 Rxe4 21.
Nd2 Rxe3 22. Qxg6 hxg6 23. fxe3 e4+ 24. Kg1 Bg3 25. Red1 f5 26. Rxc5 Nd7 27. Rc2 Ne5 28. Nf1 Bh4 29. d6 Nd3 30. Rc7 b5 31. d7 Bd8 32.
Rc8 Kf7 33. Rd2 Ke7 34. Rc6 Rf6 35. Rdc2 Kxd7 36. Rxf6 gxf6 37. Nd2 Bb6 38. Nf1 f4 39. Kh1 fxe3 40. Ng3 f5 41. Ne2 g5 42. g3 f4 43. gxf4 gxf4 44. Nc3 f3 45. Nxe4 e2 0-1

[Event "*** Titled Tuesday Blitz"]
[Site "Chess.com"]
[Date "2020.03.03"]
[Round "1"]
[White "Playgood28"]
[Black "JonahWillow"]
[Result "0-1"]
[WhiteElo "2256"]
[BlackElo "2631"]
[TimeControl "180+1"]
[EndTime "13:07:46 PST"]
[Termination "JonahWillow won on time"]

1. d4 d5 2. c4 dxc4 3. e4 Nc6 4. Nf3 Bg4 5. Bxc4 e6 6. d5 exd5 7. exd5 Ne5 8. Be2 Nxf3+ 9. Bxf3 Bb4+ 10. Nc3 Bxf3 11. Qxf3 Nf6 12. O-O O-O 13. Bg5 Bxc3 14. bxc3 Qxd5 15. Bxf6 Qxf3 16. gxf3 gxf6 17. Rab1 b6 18.
Rb4 Rad8 19. Rf4 Rd6 20. Re1 Rfd8 21. Re7 Rc6 22. c4 Kf8 23. Ree4 Rd2 24. Rh4 Rxa2 25. Rxh7 f5 26. Rd4 Rg6+ 27. Kf1 Ra1+ 28. Ke2 Re6+ 29. Kd3 Rd1+ 30. Kc3 Rxd4 31. Kxd4 Kg8 32. Rh5 Re2 33. Rxf5 Rxf2 34. h4 Kg7 35. Kd5 Rc2 36. h5 a5 37. Kd4 a4 38. Rg5+ Kf6 39. Rg1 a3 40. Rh1 Kg7 41. Ra1 a2 42. Kd3 Rh2 43. c5 bxc5 44. Kc4 Kh6 0-1

[Event "*** Titled Tuesday Blitz"]
[Site "Chess.com"]
[Date "2020.03.03"]
[Round "1"]
[White "violetflower04"]
[Black "vova-79"]
[Result "0-1"]
[WhiteElo "2036"]
[BlackElo "2560"]
[TimeControl "180+1"]
[EndTime "13:07:46 PST"]
[Termination "vova-79 won by resignation"]

1. b3 d5 2. Bb2 Nf6 3. e3 g6 4. Nf3 Bg7 5. c4 O-O 6. Nc3 Nc6 7. d4 Bf5 8. Bd3 Bxd3 9. Qxd3 Nb4 10. Qd2 c5 11. a3 cxd4 12. Nxd4 Na6 13. cxd5 Nxd5 14. O-O Nc5 15. Qc2 Rc8 16. Nxd5 Qxd5 17. b4 Ne6 18.
Qd2 Nxd4 19. Bxd4 Rfd8 20. Rfd1 Bxd4 21. exd4 e5 22. Qh6 exd4 23. Rd3 Rc3 24. Rad1 Rxd3 25.
Rxd3 Qc4 26. Qd2 h5 27. h4 b5 28. g3 Qd5 29. Qe2 Rd6 30. Qe8+ Kg7 31. Qe2 Qe6 32. Qb2 Qe1+ 33. Kh2 Qe4 34. Rd2 Kh7 35. Re2 Qf3 36. Re7 d3 37. Qa2 Kg7 38. Qb2+ Kh7 39. Qa2 Rf6 40.
Kg1 Qd1+ 41. Kh2 Kg7 42. Qb2 Qc2 43. Qe5 Qxf2+ 44. Kh3 d2 45. Rd7 Qf1+ 46. Kh2 d1=Q 47. Rxd1 Qxd1 0-1

[Event "*** Titled Tuesday Blitz"]
[Site "Chess.com"]
[Date "2020.03.03"]
[Round "1"]
[White "johnathan113"]
[Black "vanyakuba"]
[Result "1-0"]
[WhiteElo "2763"]
[BlackElo "2410"]
[TimeControl "180+1"]
[EndTime "13:07:47 PST"]
[Termination "johnathan113 won on time"]

1. e4 d5 2. exd5 Qxd5 3. Nc3 Qa5 4. d4 Nf6 5. Nf3 Bg4 6. h3 Bh5 7. g4 Bg6 8. Ne5 e6 9. Bg2 c6 10. Bd2 Nbd7 11. Nxd7 Nxd7 12. Qe2 O-O-O 13. d5 exd5 14. Nxd5 Qc5 15. Be3 Qxc2 16. Qxc2 Bxc2 17. Rc1 Bd3 18. Bxa7 Nb8 19. Nb6+ Kc7 20. Na8+ Kc8 21. Nb6+ Kc7 22. f4 Bb4+ 23. Kf2 Na6 24. Nd5+ Kc8 25. Nb6+ Kc7 26.
Nd5+ Kc8 27. Rhd1 Bb5 28. Nb6+ Kc7 29. Nd5+ Kc8 30. a4 Rxd5 31. Rxd5 Bxa4 32. Re5 Rd8 33. Be3 Bd6 34. Ra5 Bb3 35. Bxc6 bxc6 36. Rxa6 Bd5 37. Ra7 Bc7 38. Rca1 c5 39. Bxc5 Bc6 40. Be3 Rd3 41.
Rc1 Kd7 42. Bb6 Rb3 43. Rxc7+ 1-0

[Event "*** Titled Tuesday Blitz"]
[Site "Chess.com"]
[Date "2020.03.03"]
[Round "1"]
[White "Aygehovit1992"]
[Black "northridgehawk"]
[Result "0-1"]
[WhiteElo "2604"]
[BlackElo "2254"]
[TimeControl "180+1"]
[EndTime "13:07:47 PST"]
[Termination "northridgehawk won on time"]

1. e4 e5 2. Bc4 Nc6 3. d3 Nf6 4. Nc3 Bc5 5. Be3 Bxe3 6. fxe3 O-O 7. Qf3 d6 8. h3 Be6 9. Bb3 Ne7 10. Nge2 c6 11. g4 Ng6 12. Ng3 a5 13. Nf5 b5 14.
a3 b4 15. Ne2 bxa3 16. Rxa3 a4 17. Bxa4 d5 18. Bxc6 Rxa3 19. bxa3 dxe4 20. Bxe4 Qa5+ 21. Kf2 Nxe4+ 22. Qxe4 Bd5 23. Qb4 Qxb4 24. axb4 Bxh1 25. e4 Rc8 26. c4 Rd8 27. Neg3 Nf4 28. b5 Nxd3+ 29.
Ke3 Nb2 30. c5 Nc4+ 31. Kf2 Rd2+ 32. Ke1 Bf3 33. c6 Rb2 34. c7 Nb6 35. Ne7+ Kf8 36. Nd5 Nc8 37. b6 Ke8 38. Nf5 Kd7 39. Nfe7 Nd6 40. Nf5 Nc8 41. Nfe7 Bxe4 42. Nxc8 Bxd5 43. Nd6 Bb7 44. Nxb7 Rxb6 45. Nd8 Kxc7 46. Nxf7 Kc8 47. Kd2 Kd7 0-1

[Event "*** Titled Tuesday Blitz"]
[Site "Chess.com"]
[Date "2020.03.03"]
[Round "1"]
[White "lelya96"]
[Black "BeanScreen"]
[Result "0-1"]
[WhiteElo "2296"]
[BlackElo "2648"]
[TimeControl "180+1"]
[EndTime "13:07:48 PST"]
[Termination "BeanScreen won by resignation"]

1. e4 e5 2. Nf3 Nc6 3. Bb5 a6 4. Ba4 d6 5. O-O Nf6 6. h3 b5 7. Bb3 Na5 8. c3 Nxb3 9. Qxb3 Be7 10. Re1 O-O 11. d4 Bb7 12. Nbd2 Re8 13. dxe5 Nd7 14. e6 fxe6 15. Qxe6+ Kh8 16. Qg4 Bf6 17. Nf1 Nc5 18.
Ng3 Qc8 19. Qxc8 Raxc8 20. Nd2 d5 21. f3 Bh4 22. Kh2 dxe4 23. Ndxe4 Bxe4 24. fxe4 Nxe4 25. Bf4 g5 26. Nxe4 Bxe1 27. Nxg5 Re2 28. Nf3 Bf2 29. b3 Bc5 30. Rd1 Bd6 31. Bxd6 cxd6 32. Rxd6 Rxc3 33. Ng5 Rcc2 34. Kg3 Rxg2+ 35. Kh4 Rxa2 36. Rd8+ Kg7 37. Rd7+ Kf6 38. Rf7+ Kg6 39. Rc7 Raf2 40. Rc6+ Rf6 41. Rxf6+ Kxf6 42. Ne4+ Ke5 43. Nc5 a5 44. Nb7 a4 45. bxa4 bxa4 46. Nc5 a3 47. Nd3+ Kd4 0-1

[Event "*** Titled Tuesday Blitz"]
[Site "Chess.com"]
[Date "2020.03.03"]
[Round "1"]
[White "ChessLover0108"]
[Black "MaxLeto"]
[Result "1-0"]
[WhiteElo "2770"]
[BlackElo "2413"]
[TimeControl "180+1"]
[EndTime "13:07:50 PST"]
[Termination "ChessLover0108 won on time"]

1. Nf3 d5 2. d4 Nf6 3. c4 c6 4.
Nc3 g6 5. e3 Bg7 6. Be2 O-O 7.
O-O Bg4 8. cxd5 cxd5 9. Qb3 b6 10.
h3 Bxf3 11. Bxf3 e6 12. Bd2 Nc6 13. Qa4 Qd7 14. Rac1 Rfc8 15. Qd1 a6 16. Na4 Qb7 17.
Qb3 Nd7 18. Rc2 Rc7 19. Rfc1 Rac8 20. Qd3 Ncb8 21. Nc3 f5 22. Ne2 Kf7 23. h4 b5 24.
Ba5 Rxc2 25. Rxc2 Rxc2 26. Qxc2 Qc6 27. Qd1 Qc4 28. b3 Qc8 29. Nf4 Nc6 30. Be1 Ne7 31. Qd2 Qc6 32. Nd3 Qc7 33. g3 Nc8 34. a4 Nd6 35. a5 Ne4 36. Qe2 Qc6 37.
Nb4 Qc8 38. Qd3 Bf8 39. Be2 Be7 40. Nxa6 Qxa6 41. Qxb5 Qxb5 42. Bxb5 Nb8 43. a6 Nd6 44. a7 1-0

[Event "*** Titled Tuesday Blitz"]
[Site "Chess.com"]
[Date "2020.03.03"]
[Round "1"]
[White "FelixJoseYnojosa"]
[Black "Martins-BR"]
[Result "1-0"]
[WhiteElo "2697"]
[BlackElo "2340"]
[TimeControl "180+1"]
[EndTime "13:07:50 PST"]
[Termination "FelixJoseYnojosa won on time"]

1. e4 e6 2. d4 d5 3. exd5 exd5 4. Nf3 Nc6 5. Bd3 Bg4 6. c3 Bd6 7. O-O Nge7 8. Nbd2 Qd7 9. b4 a6 10. a4 h6 11. Re1 O-O 12. Qb3 Bf5 13. Bf1 Rfe8 14. Ba3 Ng6 15. Rxe8+ Rxe8 16. g3 Nce7 17. b5 Bxa3 18.
Rxa3 a5 19. b6 c6 20. c4 dxc4 21. Nxc4 Be6 22. Nce5 Nxe5 23. Nxe5 Qxd4 24. Qe3 Qxe3 25. fxe3 Nd5 26. Nc4 Ra8 27. Ra1 Ra6 28. Rd1 Nxb6 29. Rd8+ Kh7 30. Nd6 Ra7 31. h4 h5 32. Bd3+ g6 33.
Ne4 Kg7 34. Nc5 Nd5 35. Nxe6+ fxe6 36. Rd7+ Kf6 37. Kf2 Nc3 38. Bc2 Ra6 39. Rxb7 Nd5 40. Kf3 Rb6 41. Ra7 Rb2 42. Be4 Nc3 43. Bxc6 Rb6 44.
Bd7 Nd5 45. Bb5 Nc3 46. Rxa5 Nxb5 47. Rxb5 Ra6 48. a5 Ke7 49. Kf4 Kf6 50. e4 Rc6 51. e5+ Ke7 52. Rb7+ Kf8 53. Kg5 Rc4 54. Kxg6 Rg4+ 55.
Kf6 1-0

[Event "*** Titled Tuesday Blitz"]
[Site "Chess.com"]
[Date "2020.03.03"]
[Round "1"]
[White "Zubrrr"]
[Black "WeAintSurePal"]
[Result "1-0"]
[WhiteElo "2660"]
[BlackElo "2314"]
[TimeControl "180+1"]
[EndTime "13:07:50 PST"]
[Termination "Zubrrr won by checkmate"]

1. c4 e6 2. g3 c5 3. Bg2 Nc6 4. Nc3 Nf6 5. Nf3 d5 6. cxd5 exd5 7.
d4 cxd4 8. Nxd4 Bc5 9. Nb3 Bb6 10. Nxd5 O-O 11. Nxb6 Qxb6 12. Be3 Qb5 13. O-O Qh5 14.
f3 Re8 15. Bf2 Be6 16. Nc5 Bc4 17. Re1 b6 18. Qc2 Bxe2 19. Rxe2 bxc5 20. Rae1 Rxe2 21. Qxe2 Nd4 22. Qd3 Rd8 23. b4 h6 24. bxc5 Qxc5 25.
Rd1 Qa5 26. Bxd4 Qxa2 27. Qf1 Qc2 28. Rc1 Qf5 29. Bxa7 Nd5 30. Bf2 Nb4 31. Rd1 Rc8 32.
Bh3 Qc2 33. Bxc8 Qxc8 34. Qb5 Nc2 35. Rc1 Qc3 36. Qe8+ Kh7 37. Qe4+ f5 38. Qxc2 Qxf3 39. Rf1 h5 40. Bc5 Qc6 41. Qxf5+ Kh6 42. Be3+ g5 43. Qxg5+ Kh7 44. Rf7+ Kh8 45. Qg7# 1-0

[Event "*** Titled Tuesday Blitz"]
[Site "Chess.com"]
[Date "2020.03.03"]
[Round "1"]
[White "Aleksey_Sorokin"]
[Black "Gogolev_Artemy"]
[Result "1-0"]
[WhiteElo "2852"]
[BlackElo "2473"]
[TimeControl "180+1"]
[EndTime "13:07:51 PST"]
[Termination "Aleksey_Sorokin won by resignation"]

1. d4 Nf6 2. c4 e6 3. Nf3 d5 4.
Nc3 dxc4 5. e3 c5 6. Bxc4 a6 7. a4 Nc6 8. O-O cxd4 9. exd4 Be7 10. Qe2 O-O 11. Rd1 Nb4 12. Ne5 Nbd5 13. Bd2 Bd7 14.
Nxd5 Nxd5 15. Bxd5 exd5 16. Qf3 Be6 17. Qb3 Rb8 18.
Rdc1 Bd6 19. Bf4 h5 20. Nd3 h4 21. Bxd6 Qxd6 22. Qb4 Qxb4 23. Nxb4 Rfc8 24. Kf1 Kf8 25.
Ke2 Ke7 26. Kd2 a5 27. Nd3 Kd6 28. b3 f6 29. Rc5 b6 30. Rxc8 Rxc8 31. Rc1 g5 32. g3 Rxc1 33. Nxc1 Bg4 34. Na2 Bd7 35.
Nc3 Ke6 36. Ke3 hxg3 37. fxg3 Bc6 38. Kf3 Kf5 39. h3 Kg6 40. Kf2 Kh5 41. Nd1 Bd7 42. Kg2 Be6 43. g4+ Kg6 44. Ne3 Bf7 45. Kg3 Be6 46. h4 gxh4+ 47. Kxh4 Kh6 48. Ng2 Bf7 49. Nf4 Kg7 50. Nh5+ Kg6 51. Ng3 Be6 52. Ne2 f5 53. Nf4+ Kf6 54. g5+ Ke7 55. g6 Kf6 56. Nxe6 Kxe6 57.
Kg5 f4 58. Kxf4 Kf6 59. g7 Kxg7 60. Ke5 Kf7 61. Kxd5 Ke7 62. Kc6 Ke6 63. Kxb6 1-0

[Event "*** Titled Tuesday Blitz"]
[Site "Chess.com"]
[Date "2020.03.03"]
[Round "1"]
[White "amiralfio"]
[Black "Resignify"]
[Result "1-0"]
[WhiteElo "2610"]
[BlackElo "2217"]
[TimeControl "180+1"]
[EndTime "13:07:51 PST"]
[Termination "amiralfio won on time"]

1. e4 d6 2. Nf3 Nf6 3. Nc3 g6 4. d4 Bg7 5. Be3 O-O 6. h3 Nc6 7.
Qd2 e5 8. d5 Ne7 9. O-O-O Ne8 10. g4 f5 11. gxf5 gxf5 12. Bh6 f4 13. Rg1 Kh8 14. Bxg7+ Nxg7 15. Bc4 Ng6 16. Ng5 Qe7 17. Qe2 Rg8 18. h4 Nxh4 19. f3 Nh5 20. Qh2 Rxg5 21. Qxh4 Ng3 22. Nb5 Rg7 23. Qh6 a6 24. Nc3 Qg5 25.
Qh2 Bd7 26. Ne2 Rag8 27. Kb1 Qf6 28. Nc3 Rg6 29. a4 Rh6 30. Qf2 Rg7 31. Qa7 Qd8 32. Qxb7 Rg8 33. Qxa6 Qc8 34. Qa5 Qd8 35. Qb4 Be8 36.
Bb5 Qg5 37. Bxe8 Rxe8 38. Qb5 Rc8 39. Qd7 Qd8 40. Qe6 Qe8 41. Qxe8+ Rxe8 42. Nb5 Re7 43. Rd3 Rg6 44. Rc3 Rgg7 45. a5 Rg8 46. Rxc7 1-0

[Event "*** Titled Tuesday Blitz"]
[Site "Chess.com"]
[Date "2020.03.03"]
[Round "1"]
[White "AlleyOoper"]
[Black "Enriquack"]
[Result "1-0"]
[WhiteElo "2605"]
[BlackElo "2152"]
[TimeControl "180+1"]
[EndTime "13:07:52 PST"]
[Termination "AlleyOoper won by resignation"]

1. d4 Nf6 2. Bf4 g6 3. Nc3 d5 4. e3 Bg7 5. h4 h5 6. Nf3 O-O 7. Ne5 c5 8. Qd2 Nc6 9. f3 Nd7 10.
Nxd5 Ndxe5 11. dxe5 Nxe5 12. O-O-O Be6 13. Bg5 Bxd5 14.
Qxd5 Qb6 15. Qb3 Qc7 16. c4 a6 17. Bf4 b5 18. Rd5 e6 19. Rd2 Rab8 20. cxb5 axb5 21.
Kb1 c4 22. Qb4 Rfd8 23. Rxd8+ Qxd8 24. Be2 Nd3 25. Qd6 Nxf4 26. Qxf4 Qd2 27. Qxb8+ Kh7 28. Qxb5 Qxe2 29. Rc1 Qd3+ 30. Ka1 Qd2 31. Kb1 c3 32.
bxc3 Bxc3 33. Qb3 Bf6 34. Qc2 Qb4+ 35. Qb3 Qd2 36. a3 Bxh4 37. Rc2 Qd1+ 38. Rc1 Qd2 39. Rc2 Qd1+ 40. Ka2 Bf6 41. Qc4 Qa1+ 42. Kb3 Kg7 43.
e4 h4 44. f4 Qb1+ 45. Ka4 e5 46. f5 g5 47. Qb3 Qd1 48. Rc7 g4 49. Qxd1 1-0